 Dungeon Crawl Stone Soup version 0.28-a0-1382-g92835e5c71 (webtiles) character file.

Game seed: 438813256686973162

42 Deminshera the Sneak (level 3, -2/22 HPs)
             Began as a Kobold Brigand on Jan 1, 2022.
             Killed from afar by a white imp (13 damage)
             ... with a puff of frost
             ... on level 2 of the Dungeon.
             The game lasted 00:01:47 (1987 turns).

Deminshera the Sneak (Kobold Brigand)               Turns: 1987, Time: 00:01:49

Health: -2/22      AC: 10    Str: 10    XL:     3   Next: 77%
Magic:  3/3        EV: 12    Int: 12    God:
Gold:   122        SH:  0    Dex: 16    Spells: 2/2 levels left

rFire   + . .      SeeInvis .   a - +2 dagger
rCold   . . .      Faith    .   (no shield)
rNeg    . . .      Spirit   .   g - +2 ring mail {rF+}
rPois   .          Reflect  .   m - +0 helmet
rElec   .          Harm     .   c - +0 cloak
rCorr   .          Rampage  .   b - +0 pair of gloves
Will    .....                   (no boots)
Stlth   ++++......              (no amulet)
HPRegen 0.07/turn               (no ring)
MPRegen 0.08/turn               (no ring)

@: no status effects
A: small, no large weapons, nightstalker 3
a: no special abilities


You were on level 2 of the Dungeon.
You visited 1 branch of the dungeon, and saw 3 of its levels.

You collected 122 gold pieces.

Inventory:

Hand Weapons
 a - a +2 dagger (weapon)
Missiles
 d - 20 poisoned darts (quivered)
Armour
 b - a +0 pair of gloves (worn)
 c - a +0 cloak (worn)
 g - a +2 ring mail of fire resistance (worn)
 m - a +0 helmet (worn)
Scrolls
 f - 2 scrolls of identify {unknown}
 i - a scroll of blinking {unknown}
 j - a scroll of torment {unknown}
 k - a scroll of acquirement {unknown}
Potions
 h - a potion of heal wounds {unknown}
 l - a potion of flight {unknown}


   Skills:
 + Level 2.7 Fighting
 * Level 4.1 Short Blades
 - Level 2.1 Throwing
 - Level 1.2 Dodging
 + Level 5.8 Stealth


You had 2 spell levels left.
You didn't know any spells.
Your spell library contained the following spells:

 Spells                   Type           Power      Damage    Failure   Level
 Sandblast                Erth           0%         2d4       65%         1
 Passwall                 Tmut/Erth      0%         N/A       78%         2
 Stone Arrow              Conj/Erth      0%         3d7       95%         3


Dungeon Overview and Level Annotations

Branches:
Dungeon (3/15)

Altars:


Innate Abilities, Weirdness & Mutations

You are small and have problems with some larger weapons.
You are completely attuned to the shadows.


Message History

The jackal barely misses you. The white imp barely misses you.
Throw: 24 darts (poison)
Press: ? - help, Q - select action Shift-Dir - straight line, f/p - white imp
Aim: a white imp (62% to hit)
You throw a poisoned dart. The poisoned dart hits the white imp.
The white imp is poisoned.
The jackal barely misses you. The white imp misses you.
Throw: 23 darts (poison)
Press: ? - help, Q - select action Shift-Dir - straight line, f/p - white imp
Aim: a white imp (poisoned, 62% to hit)
You throw a poisoned dart. The poisoned dart hits the white imp.
The jackal bites you.
Unknown command.
Throw: 22 darts (poison)
Press: ? - help, Q - select action Shift-Dir - straight line, f/p - white imp
Aim: a white imp (lightly wounded, poisoned, 62% to hit)
You throw a poisoned dart. The poisoned dart hits the white imp.
The white imp looks even sicker.
The white imp is lightly wounded.
The jackal bites you but does no damage.
The white imp barely misses you.
Throw: 21 darts (poison)
Press: ? - help, Q - select action Shift-Dir - straight line, f/p - white imp
Aim: a white imp (lightly wounded, very poisoned, 62% to hit)
You throw a poisoned dart.
The poisoned dart barely misses the white imp.
The jackal bites you but does no damage.
The white imp hits you but does no damage.
The jackal completely misses you.
You hit the white imp.
The white imp is severely wounded.
The white imp hits you but does no damage.
The jackal closely misses you.
You hit the white imp but do no damage.
The white imp is severely wounded.
The jackal bites you but does no damage.
The white imp gestures at you. The puff of frost hits you!
Ouch! That really hurt!
You die...

#.....# #8
#.....###.
#.......#♣
#.....#.#.
#.....#.#8
##########.#.##.#.
#h........##....#8
#h########.#.####.
#@# ##..#..#8 #5#
#..#.##. #h#####
#.....#8 #.#...##
#.....#. #......##
#..####8 #.......#
#..# #.
#.......####.####8
#...............#.
##.....#.####...#8


You could see a white imp (very poisoned) and 3 jackals.

Vanquished Creatures
  2 dart slugs (D:2)
  2 bats (D:1)
  2 endoplasms (D:1)
  5 goblins
  4 hobgoblins
  3 jackals
  2 quokkas (D:2)
  2 ball pythons (D:1)
  2 frilled lizards
  4 kobolds
  7 rats
35 creatures vanquished.

Notes
Turn   | Place    | Note
-------+----------+-------------------------------------------
     0 | D:1      | Deminshera the Kobold Brigand began the quest for the Orb.
     0 | D:1      | Reached XP level 1. HP: 12/12 MP: 1/1
   147 | D:1      | Reached XP level 2. HP: 18/18 MP: 2/2
   420 | D:1      | Reached XP level 3. HP: 6/22 MP: 3/3
  1130 | D:2      | Found a faded altar of an unknown god.
  1987 | D:2      | Killed from afar by a white imp

Illustrated notes

Levels and vault maps discovered:
D:1:      dpeg_arrival_fog, layout_rooms
D:2:      layout_loops_ring, ebering_ecumenical_altar_hall, chequers_avenue,
          chequers_serial_rivers_micro_e, minmay_ruptured
D:3:      cheibrodos_pilgrimage, layout_basic, grunt_ministairs_7

Skill      XL: |  1  2  3 |
---------------+----------+-----
Short Blades   | 3 4 |  4.1
Fighting       | |  2.7
Throwing       | |  2.1
Dodging        | |  1.2
Stealth        | |  5.8

Action                   || total
-------------------------++-------
Melee: Dagger            ||    79
Throw: Dart              ||     9
 Stab: Sleeping          ||    19
Armor: Robe              ||     2
       Ring mail         ||    30
Dodge: Dodged            ||    42

Table legend: (Time is in decaauts)
 A = Elapsed time spent in this place.
 B = Non-inter-level travel time spent in this place.
 C = Inter-level travel time spent in this place.
 D = Time resting spent in this place.
 E = Time spent auto-exploring this place.
 F = Levels seen in this place.
 G = Mean time per level.
                   A        B        C        D        E       F      G
               +--------+--------+--------+--------+--------+-----+--------+
         Total |   1972 |   1911 |     61 |    633 |   1024 |   3 |  657.3 |
       Dungeon |   1972 |   1911 |     61 |    633 |   1024 |   3 |  657.3 |
               +--------+--------+--------+--------+--------+-----+--------+

Top non-repeatable levels by time:
     D:1: 1088 daAuts
     D:2: 878 daAuts
     D:3: 5 daAuts
